 Dungeon Crawl Stone Soup version 0.21.1-1-g345015f (webtiles) character file.

109 Gurps the Conjurer (level 4, -2/24 HPs)
             Began as a Deep Elf Conjurer on Mar 24, 2018.
             Shot with a stone by a goblin (6 damage)
             ... led by Robin
             ... on level 2 of the Dungeon.
             The game lasted 00:13:58 (1530 turns).

Gurps the Conjurer (Deep Elf Conjurer)              Turns: 1530, Time: 00:13:58

Health: -2/24      AC:  2    Str:  5    XL:     4   Next: 60%
Magic:  3/11       EV: 13    Int: 21    God:
Gold:   127        SH:  0    Dex: 15    Spells: 8/9 levels left

rFire    . . .     SeeInvis .   d - +0 short sword
rCold    . . .     Gourm    .   (no shield)
rNeg     . . .     Faith    .   a - +0 robe
rPois    .         Spirit   .   (no helmet)
rElec    .         Reflect  .   (no cloak)
rCorr    .         Harm     .   (no gloves)
MR       .....                  (no boots)
Stlth    ++........             (no amulet)
HPRegen  0.08/turn              (no ring)
MPRegen  0.12/turn              (no ring)

@: no status effects
A: no striking features
a: no special abilities


You were on level 2 of the Dungeon.
You were not hungry.

You visited 1 branch of the dungeon, and saw 2 of its levels.

You collected 127 gold pieces.

Inventory:

Hand Weapons
 d - a +0 short sword (weapon)
Armour
 a - a +0 robe (worn)
Jewellery
 l - an uncursed amulet of magic regeneration {unknown}
 m - an uncursed ring of protection from fire {unknown}
 o - an uncursed ring of fire {unknown}
Scrolls
 h - 3 scrolls of identify {unknown}
 j - a scroll of fear {unknown}
 k - a scroll of random uselessness {unknown}
 n - a scroll of teleportation {unknown}
Potions
 e - a potion of curing {unknown}
 f - a potion of cancellation {unknown}
 g - a potion of invisibility {unknown}
 i - a potion of ambrosia {unknown}
Books
 b - a book of Conjurations

   Spells                             Type                      Level
   a - Magic Dart                     Conjuration                  1
   b - Searing Ray                    Conjuration                  2
   c - Dazzling Spray                 Conjuration/Hexes            3
   d - Fulminant Prism                Conjuration/Hexes            4
   e - Force Lance                    Conjuration/Translocation    4
   f - Iskenderun's Mystic Blast      Conjuration                  4
Comestibles
 c - 3 rations


   Skills:
 - Level 0.3 Short Blades
 - Level 2.5 Dodging
 - Level 2.7 Stealth
 - Level 3.3 Spellcasting
 + Level 6.3 Conjurations


You had 8 spell levels left.
You knew the following spells:

 Your Spells              Type           Power        Failure   Level  Hunger
a - Magic Dart            Conj           ####         1%          1    None


Dungeon Overview and Level Annotations

Branches:
Dungeon (2/15)

Altars:

Annotations:
D:2 Robin


Message History

You don't have enough magic to cast that spell.
Unknown command.
The goblin shoots a stone.
The stone misses you.
The goblin shoots a stone.
The stone barely misses you.
You see here 3 stones.
The goblin shoots a stone.
The stone hits you.
* * * LOW HITPOINT WARNING * * *
The goblin shoots a stone.
The stone misses you.
You see here a stone.
A goblin comes into view. It is wielding a dagger.
The goblin shoots a stone.
The stone hits you but does no damage.
The goblin moves out of view.
You see here a stone.
The goblin shoots a stone.
The stone hits you but does no damage.
You see here a stone.
The goblin shoots a stone.
The stone closely misses you.
You see here a stone.
The goblin shoots a stone.
The stone barely misses you.
The goblin shoots a stone.
The stone hits you.
You die...

#.# #.#..<...........).........
##.###.##.#.###..g(...g#^...###.
#.........#.# #..###((....#(.()g
#...........# #..# ##...#(..###.
#.###...##.÷# #..# #.####.## #.
#.# ##.###..###..# #.# #.# #.
##.####.###..##.#.####.####.# #g
.............###............# #g
.#.####.........@.####.###### #g
#.# #####.####......... .g #.#
#..†.....###.#.# .#.######
#........# #.#.# .#......#
#.......)# #.# # #######.#
#........# #.. #.# #........#
### #.# #>......## #.# #.......#


You could see a goblin.

Vanquished Creatures
  2 gnolls (D:1)
  A howler monkey skeleton (D:2)
  2 adders (D:2)
  3 dart slugs
  2 leopard geckos
  2 ball pythons
  2 giant cockroaches (D:1)
  7 goblins
  11 hobgoblins
  2 jackals (D:1)
  2 quokkas (D:2)
  7 bats
  4 frilled lizards
  A kobold (D:1)
  3 rats
51 creatures vanquished.

Notes
Turn   | Place    | Note
-------+----------+-------------------------------------------
     0 | D:1      | Gurps the Deep Elf Conjurer began the quest for the Orb.
     0 | D:1      | Reached XP level 1. HP: 10/10 MP: 6/6
   165 | D:1      | Reached XP level 2. HP: 5/15 MP: 6/8
   378 | D:1      | Reached skill level 5 in Conjurations
   464 | D:1      | You fall through a shaft!
   479 | D:2      | Reached XP level 3. HP: 14/19 MP: 0/9
   893 | D:1      | Reached XP level 4. HP: 17/24 MP: 9/11
  1239 | D:2      | Reached skill level 6 in Conjurations
  1493 | D:2      | Noticed Robin
  1530 | D:2      | Shot with a stone by a goblin

Skill      XL: |  1  2  3  4 |
---------------+-------------+-----
Conjurations   | 5 6 |  6.3
Short Blades   | |  0.3
Dodging        | |  2.5
Stealth        | |  2.7
Spellcasting   | |  3.3

Action                   |  1- 3 |  4- 6 || total
-------------------------+-------+-------++-------
Melee: Short sword       |    22 |       ||    22
 Cast: Magic Dart        |    47 |    40 ||    87
  Eat: Ration            |       |     1 ||     1
Armor: Robe              |     4 |     1 ||     5
Dodge: Dodged            |    24 |    18 ||    42
